 Dungeon Crawl Stone Soup version 0.29-a0-468-ge57f7f99b4 (console) character file.

Game seed: 7089813201858968639

1507 jejorda2 the Spear-Bearer (level 8, -10/64 HPs)
             Began as a Merfolk Fighter on May 21, 2022.
             Was an Initiate of Nemelex Xobeh.
             Mangled by an orc warrior
             ... wielding a +0 halberd
              (17 damage)
             ... on level 6 of the Dungeon.
             The game lasted 00:13:57 (4687 turns).

jejorda2 the Spear-Bearer (Merfolk Fighter)         Turns: 4687, Time: 00:13:57

Health: -10/64     AC:  7    Str: 19    XL:     8   Next: 82%
Magic:  8/8        EV: 10    Int:  7    God:    Nemelex Xobeh [......]
Gold:   289        SH:  4    Dex: 13    Spells: 7/7 levels left

rFire   + . .      SeeInvis .   a - +1 trident (freeze)
rCold   . . .      Faith    .   c - +0 buckler
rNeg    . . .      Spirit   .   d - +0 acid dragon scales
rPois   .          Reflect  .   (no helmet)
rElec   .          Harm     .   (no cloak)
rCorr   +          Rampage  .   (no gloves)
Will    .....                   (no boots)
Stlth   +.........              q - amulet of regeneration
HPRegen 1.00/turn               t - ring of protection from fire
MPRegen 0.11/turn               (no ring)

@: no status effects
A: (nimble swimmer 2), mertail
a: Renounce Religion, Draw Escape, Draw Destruction, Draw Summoning


You were on level 6 of the Dungeon.
You worshipped Nemelex Xobeh.
Nemelex Xobeh was noncommittal.
You visited 1 branch of the dungeon, and saw 7 of its levels.
You also visited: Ossuary.

You collected 289 gold pieces.

Inventory:

Hand Weapons
 a - a +1 trident of freezing (weapon)
 r - the +12 dagger "Cazochuq" {flame, Dex+2}
   (You found it on level 7 of the Dungeon)

   It burns those it strikes, dealing additional fire damage.
   Dex:       It affects your dexterity (+2).
Missiles
 n - 2 poisoned darts
 o - 62 stones (quivered)
 p - 4 boomerangs of dispersal
 w - 3 boomerangs
 x - 4 javelins
Armour
 c - a +0 buckler (worn)
 d - +0 acid dragon scales (worn)
Jewellery
 b - a ring of ice
 j - a ring of ice
 q - an amulet of regeneration (around neck)
 t - a ring of protection from fire (left hand)
 A - a ring of fire
Wands
 e - a wand of polymorph (16)
Scrolls
 g - a scroll of fog
 h - a scroll of teleportation
 i - 2 scrolls of immolation
 l - 2 scrolls of poison
Potions
 f - a potion of attraction
 k - 3 potions of mutation
 m - 7 potions of curing
 s - a potion of cancellation
 u - 4 potions of flight
 z - a potion of resistance


   Skills:
 - Level 6.0 Fighting
 * Level 10.5 Polearms
 - Level 1.3 Throwing
 + Level 4.6 Armour
 - Level 3.0 Shields
 + Level 0.3 Invocations


You had 7 spell levels left.
You didn't know any spells.
Your spell library contained the following spells:

 Spells                   Type           Power      Damage    Failure   Level
 Slow                     Hex            0%         N/A       61%         1
 Confusing Touch          Hex            0%         N/A       93%         3
 Ignite Poison            Fire/Tmut/Pois 0%         N/A       93%         3
 Mephitic Cloud           Conj/Pois/Air  0%         N/A       93%         3
 Vampiric Draining        Necr           0%         2d6       93%         3
 Freezing Cloud           Conj/Ice/Air   0%         6-21      100%        5


Dungeon Overview and Level Annotations

Branches:
Dungeon (7/15)            Ossuary (visited)
 Temple: D:4-7

Altars:
Ashenzari
Cheibriados
Hepliaklqana
Nemelex Xobeh
Zin

Shops:
D:7 =


Innate Abilities, Weirdness & Mutations

((You are very nimble when in or above water. (Stealth+, EV+, Speed+++)))
Your lower body shifts to a powerful aquatic tail in water.


Message History

You feel less confused.
The orc wizard hits you with a +0 dagger.
You feel better. You block the orc wizard's attack.
The +12 dagger "Cazochuq" {flame, Dex+2} stops flaming.
Your +1 trident of freezing glows with a cold blue light!
a - a +1 trident of freezing (weapon)
You hit the orc wizard. You freeze the orc wizard.
The orc wizard is heavily wounded.
The orc wizard hits you but does no damage.
You puncture the orc wizard! You freeze the orc wizard.
You kill the orc wizard!
You puncture the orc! You freeze the orc.
You kill the orc!
The orc warrior hits you from afar with a +0 halberd!
The orc warrior hits you with a +0 halberd!
Items here: )) [.
You hit the orc warrior but do no damage.
You puncture the orc warrior! You freeze the orc warrior.
The orc warrior is heavily wounded.
The orc warrior hits you with a +0 halberd!
You barely miss the orc warrior.
The orc warrior is heavily wounded.
The orc warrior hits you with a +0 halberd!
You hit the orc warrior. You freeze the orc warrior.
The orc warrior is severely wounded.
The orc warrior hits you with a +0 halberd!
* * * LOW HITPOINT WARNING * * *
You hit the orc warrior but do no damage.
The orc warrior is severely wounded.
The orc warrior hits you with a +0 halberd!
* * * LOW HITPOINT WARNING * * *
You hit the orc warrior. You freeze the orc warrior.
The orc warrior is severely wounded.
Okay, then.
Really read the scroll of poison?
The air fills with toxic fumes!
As you read the scroll of poison, it crumbles to dust.
The orc warrior hits you with a +0 halberd!
You die...
Your body disappears without a glow.

#.###.#
###.
#.§§§.##.#
###§§....#
#§####.#
#§####.##
#§§......
#§####.##
#§# #@#
#o# #o#
#o# §§§
§§§ §§§
§§§§§


You could see an orc warrior and 2 orcs.

Vanquished Creatures
  A wraith (Ossuary)
  An acid dragon (D:4)
  An ice beast (D:7)
  A black bear (D:7)
  An ogre (D:4)
  2 bullfrogs (D:7)
  2 scorpions
  6 killer bees (D:7)
  A howler monkey (D:7)
  3 hounds (D:4)
  3 orc priests (D:7)
  2 iguanas (D:7)
  2 orc wizards
  3 mummies (Ossuary)
  3 adders
  2 worms (D:2)
  3 dart slugs
  7 orcs
  10 endoplasms
  13 giant cockroaches
  10 goblins
  10 hobgoblins
  5 kobolds
  2 quokkas
  4 ball pythons
  5 bats
  3 frilled lizards
  3 goblin zombies (Ossuary)
  3 hobgoblin zombies (Ossuary)
  3 kobold zombies (Ossuary)
  5 rats
  A spectral hobgoblin (D:7)
121 creatures vanquished.

Notes
Turn   | Place    | Note
-------+----------+-------------------------------------------
     0 | D:1      | jejorda2 the Merfolk Fighter began the quest for the Orb.
     0 | D:1      | Reached XP level 1. HP: 18/18 MP: 1/1
    44 | D:1      | Reached skill level 3 in Polearms
   159 | D:1      | Reached XP level 2. HP: 24/24 MP: 2/2
   989 | D:2      | Reached XP level 3. HP: 25/30 MP: 3/3
   993 | D:2      | Reached skill level 4 in Polearms
  1591 | D:2      | Reached XP level 4. HP: 37/37 MP: 4/4
  1703 | D:2      | Found a faded altar of an unknown god.
  1782 | D:2      | Found a glowing silver altar of Zin.
  2170 | D:3      | Found a broken altar of Ashenzari.
  2606 | D:4      | Reached skill level 5 in Polearms
  2606 | D:4      | Reached XP level 5. HP: 42/42 MP: 5/5
  2865 | D:4      | Found a snail-covered altar of Cheibriados.
  2904 | D:4      | Reached skill level 6 in Polearms
  2904 | D:4      | Reached XP level 6. HP: 39/49 MP: 6/6
  3053 | D:4      | Noticed an acid dragon
  3063 | D:4      | Killed an acid dragon
  3064 | D:4      | Reached skill level 5 in Fighting
  3064 | D:4      | Reached skill level 7 in Polearms
  3064 | D:4      | Reached XP level 7. HP: 29/56 MP: 7/7
  3332 | D:5      | Entered Level 5 of the Dungeon
  3332 | D:5      | You fall into a shaft and drop 2 floors!
  3377 | D:7      | Found Naeho's Jewellery Shoppe.
  3456 | D:7      | Found a sand-covered staircase.
  3467 | Ossuary  | Entered an ossuary
  3467 | Ossuary  | Noticed a wraith
  3467 | Ossuary  | Noticed a wraith
  3467 | Ossuary  | Noticed a wraith
  3809 | Ossuary  | Noticed a wraith
  3823 | Ossuary  | Killed a wraith
  3824 | Ossuary  | Reached skill level 8 in Polearms
  3993 | D:7      | Reached XP level 8. HP: 54/64 MP: 8/8
  4076 | D:7      | Found a sparkling altar of Nemelex Xobeh.
  4132 | D:7      | Reached skill level 9 in Polearms
  4175 | D:7      | HP: 3/64 [killer bee (5)]
  4238 | D:7      | Reached skill level 10 in Polearms
  4279 | D:7      | Identified the +12 dagger "Cazochuq" {flame, Dex+2}
  4329 | D:7      | Reached skill level 1 in Throwing
  4596 | D:7      | Found a hazy altar of Hepliaklqana.
  4623 | D:7      | Became a worshipper of Nemelex Xobeh the Trickster
  4687 | D:6      | Mangled by an orc warrior

Illustrated notes

Levels and vault maps discovered:
D:1:      lightli_arrival_quake, layout_loops_ring, serial_bayou_pond_e
D:2:      cheibrodos_helix_gallery, layout_rooms, basic_altar,
          shapermc_ecumenical_altar_hornbeckon
D:3:      minmay_roachtagon, layout_loops_ring, overflow_temple_1_default
D:4:      layout_cave_pools, lemuel_tele_altar
D:5:      minmay_skewed_foursquare, layout_gridville, minitemple,
          minmay_temple_entry_overgrown, uniq_ijyb
D:6:      layout_loops_ring, mainiacjoe_overflow_concentric_impassable,
          lightli_sewer_entry_pipes, gammafunk_ghost_grave,
          nicolae_fountain_basement, uniq_grinder
D:7:      layout_basic, nicolae_hepliaklqana_monster_ancestors,
          nemelex_xobeh_ov_fountains_minmay, enter_bailey_2,
          chequers_ossuary_entry_cave, serial_shops, nicolae_shop_crystal,
          minmay_misc_feat_nine_boxes

Skill      XL: |  1  2  3  4  5  6  7  8 |
---------------+-------------------------+-----
Polearms       | 3 4 5 6 7 8 10 | 10.5
Fighting       | 4 5 6 |  6.0
Armour         | 3 4 |  4.6
Throwing       | 1 |  1.3
Shields        | |  3.0
Invocations    | |  0.3

Action                   |  1- 3 |  4- 6 |  7- 9 || total
-------------------------+-------+-------+-------++-------
Melee: Trident           |   122 |   200 |   155 ||   477
       Tailslap          |     1 |       |       ||     1
       Dagger            |       |       |    19 ||    19
Throw: Stone             |       |    36 |       ||    36
       Javelin           |       |     2 |       ||     2
  Use: Potion            |       |     1 |     6 ||     7
       Scroll            |       |       |    20 ||    20
Armor: Scale mail        |    44 |    60 |       ||   104
       Acid dragon scale |       |       |    39 ||    39
Dodge: Dodged            |    51 |    69 |    76 ||   196
Block: Buckler           |    19 |    38 |    30 ||    87

Table legend: (Time is in decaauts)
 A = Elapsed time spent in this place.
 B = Non-inter-level travel time spent in this place.
 C = Inter-level travel time spent in this place.
 D = Time resting spent in this place.
 E = Time spent auto-exploring this place.
 F = Levels seen in this place.
 G = Mean time per level.
                   A        B        C        D        E       F      G
               +--------+--------+--------+--------+--------+-----+--------+
         Total |   4708 |   4459 |    249 |     21 |   3230 |   8 |  588.5 |
       Dungeon |   4291 |   4042 |    249 |     21 |   2948 |   7 |  613.0 |
       Ossuary |    417 |    417 |      0 |      0 |    281 |   1 |  417.0 |
               +--------+--------+--------+--------+--------+-----+--------+

Top non-repeatable levels by time:
     D:2: 1005 daAuts
     D:1: 931 daAuts
     D:7: 901 daAuts
     D:4: 739 daAuts
     D:3: 681 daAuts
 Ossuary: 417 daAuts
     D:6: 32 daAuts
